 Dungeon Crawl Stone Soup version 0.26-a0-800-g517d6fe721 (webtiles) character file.

Game seed: 17709513560577578846

1 reriks the Skirmisher (level 1, 0/24 HPs)
             Began as an Ogre Abyssal Knight on Nov 11, 2020.
             Was an Initiate of Lugonu.
             Slain by a hobgoblin
             ... wielding a +0 club
              (5 damage)
             ... on level 1 of the Dungeon.
             The game lasted 00:01:13 (150 turns).

reriks the Skirmisher (Ogre Abyssal Knight)          Turns: 150, Time: 00:01:13

Health: 0/24       AC:  3    Str: 15    XL:     1   Next: 20%
Magic:  2/2        EV: 10    Int: 13    God:    Lugonu [......]
Gold:   0          SH:  0    Dex:  8    Spells: 0/0 levels left

rFire    . . .     SeeInvis .   a - +1 mace
rCold    . . .     Faith    .   (no shield)
rNeg     . . .     Spirit   .   b - +0 robe
rPois    .         Reflect  .   (helmet restricted)
rElec    .         Harm     .   (no cloak)
rCorr    .         Rampage  .   (gloves unavailable)
MR       .....                  (boots unavailable)
Stlth    +.........             (no amulet)
HPRegen  0.08/turn              (no ring)
MPRegen  0.08/turn              (no ring)

@: no status effects
A: large, unfitting armour, tough skin 1
a: Renounce Religion


You were on level 1 of the Dungeon.
You worshipped Lugonu.
Lugonu was noncommittal.
You visited 1 branch of the dungeon, and saw 1 of its levels.
You visited the Abyss 1 time.

Inventory:

Hand Weapons
 a - a +1 mace (weapon)
Armour
 b - a +0 robe (worn)


   Skills:
 + Level 4.0 Fighting
 + Level 1.8 Maces & Flails
 + Level 2.1 Dodging
 + Level 2.0 Invocations


You couldn't memorise any spells.
You didn't know any spells.
Your spell library was empty.

Dungeon Overview and Level Annotations

Branches:
Dungeon (1/15)

Altars:


Innate Abilities, Weirdness & Mutations

You are too large for most types of armour.
You have tough skin. (AC +1)


Message History

The hobgoblin shouts!
A hobgoblin comes into view. It is wielding a +0 club.
The hobgoblin shouts!
The leopard gecko bites you but does no damage.
You hit the leopard gecko.
The leopard gecko is moderately wounded.
The leopard gecko barely misses you. The hobgoblin closely misses you.
The kobold completely misses you. The leopard gecko barely misses you.
The kobold barely misses you. The hobgoblin barely misses you.
You barely miss the leopard gecko. The leopard gecko bites you.
The kobold hits you. The hobgoblin misses you.
You miss the leopard gecko. The leopard gecko closely misses you.
The kobold hits you. The leopard gecko bites you.
The hobgoblin hits you with a +0 club.
You closely miss the leopard gecko. The hobgoblin hits you with a +0 club.
The leopard gecko barely misses you. The kobold hits you.
* * * LOW HITPOINT WARNING * * *
The hobgoblin hits you but does no damage.
The hobgoblin hits you with a +0 club.
You die...

#..).# #......#
#....####......#
+..............+
#.....###......#
#####.##...##### .
.########(##...######..
..g........+..)........
########g#.##...#...####
......l@...##...#...#
......gK...##...#...#
...........##...#...#
####...##########...#
#... #....# #... #.####
# #... #.#≈≈≈#≈ #...
#.#≈##≈# #.#≈≈#≈#


You could see a leopard gecko, 2 hobgoblins and a kobold.

Vanquished Creatures
  A hobgoblin (D:1)
1 creature vanquished.

Notes
Turn   | Place    | Note
-------+----------+-------------------------------------------
     0 | Abyss:1  | reriks the Ogre Abyssal Knight began the quest for the Orb.
     0 | Abyss:1  | Reached XP level 1. HP: 24/24 MP: 2/2
    45 | Abyss:1  | Noticed a wretched star
    91 | Abyss:1  | Noticed a wretched star
    96 | Abyss:1  | Noticed a profane servitor
    98 | D:1      | Escaped the Abyss
   150 | D:1      | Slain by a hobgoblin

Illustrated notes

Levels and vault maps discovered:
D:1:      ncdulo_wetmaze, layout_basic

Action                   || total
-------------------------++-------
Melee: Mace              ||     5
Invok: Depart the Abyss  ||     1
Armor: Robe              ||     2
Dodge: Dodged            ||     9

Table legend: (Time is in decaauts)
 A = Elapsed time spent in this place.
 B = Non-inter-level travel time spent in this place.
 C = Inter-level travel time spent in this place.
 D = Time resting spent in this place.
 E = Time spent auto-exploring this place.
 F = Levels seen in this place.
 G = Mean time per level.
                   A        B        C        D        E       F      G
               +--------+--------+--------+--------+--------+-----+--------+
         Total |    153 |    153 |      0 |      0 |     42 |   2 |   76.5 |
       Dungeon |     55 |     55 |      0 |      0 |     42 |   1 |   55.0 |
         Abyss |     98 |     98 |      0 |      0 |      0 |   1 |   98.0 |
               +--------+--------+--------+--------+--------+-----+--------+

Top non-repeatable levels by time:
 Abyss:1: 98 daAuts
     D:1: 55 daAuts
